Map: 幽暗之塔

Players

YouRush (JoJo)

  • Race: Zerg Zerg
  • League: Master

Rex - Winner!

  • Race: Zerg Zerg
  • League: Grandmaster

Event: 2016 WCS Winter Challenger Taiwan

VOD

Have the link to the VOD?

Description

Time

  • Played on: Jan. 7, 2016, 6:30 a.m.
  • Length: 6:28

All games in this series

Show
View Real Time Build Order
Export as new Build Order

YouRush Zerg 

Build Orders: Pool First 

Get SALT Encoding   

  12  0:19  Spawning Pool  
  11  0:23  Drone  
  12  0:29  Extractor  
  12  0:31  Drone  
  12  0:33  Drone  
  13  0:43  Overlord  
  13  1:06  Zergling x6  
  16  1:12  Queen  
  16  1:17  Zergling x2  
  19  1:27  Zergling x2  
  20  1:33  Metabolic Boost  
  20  1:39  Zergling x2  
  21  1:48  Overlord  
  21  2:00  Zergling x2  
  22  2:09  Queen  
  24  2:17  Drone  
  24  2:19  Drone  
  24  2:21  Drone  
  24  2:22  Drone  
  28  2:23  Drone  
  29  2:42  Drone  
  30  2:48  Overlord  
  29  3:06  Queen  
  29  3:07  Hatchery  
  30  3:14  Drone x2  
  30  3:15  Drone  
  34  3:20  Drone  
  34  3:23  Drone  
  34  3:24  Drone  
  32  3:34  Drone  
  33  3:42  Extractor  
  33  3:44  Drone  
  33  3:56  Drone  
  33  3:58  Lair  
  34  4:06  Drone  
  34  4:13  Drone  
  34  4:15  Drone x2  
  34  4:16  Drone  
  37  4:19  Drone  
  37  4:21  Queen  
  40  4:29  Overlord  
  40  4:32  Drone  
  41  4:40  Zergling x2  
  42  4:51  Zergling x2  
  42  4:52  Zergling x8  
  45  4:55  Zergling x2  
  42  5:02  Zergling x2  
  38  5:09  Zergling x2  
  31  5:18  Zergling x4  
  31  5:21  Spire  
  29  5:24  Zergling x2  
  29  5:27  Queen x2  
  29  5:34  Zergling x2  
  30  5:42  Drone x3  
  33  5:44  Drone  
  33  5:46  Drone  
  35  5:50  Drone  
  35  5:56  Zergling x2  
  37  5:58  Spine Crawler  
  37  6:01  Spine Crawler  
  37  6:02  Spine Crawler  
  37  6:03  Zergling x2  
  35  6:07  Zergling x2  
Show
View Real Time Build Order
Export as new Build Order

Rex Zerg - Winner!

Build Orders: Pool First 

Get SALT Encoding   

  12  0:01  Drone  
  13  0:10  Drone  
  14  0:18  Overlord  
  14  0:25  Drone, Extractor  
  15  0:38  Drone x2  
  17  0:44  Drone  
  18  0:53  Extractor  
  18  0:55  Spawning Pool  
  16  0:58  Drone  
  17  1:06  Drone  
  18  1:16  Overlord  
  18  1:42  Zergling x4  
  18  1:45  Queen  
  22  1:48  Zergling x2  
  23  1:56  Metabolic Boost, Spine Crawler  
  23  2:00  Zergling x2  
  23  2:15  Zergling x2  
  23  2:19  Baneling Nest  
  23  2:21  Zergling x2  
  23  2:30  Queen  
  23  2:32  Drone  
  24  2:59  Drone  
  24  3:00  Drone  
  24  3:01  Drone x3  
  24  3:04  Baneling  
  24  3:05  Baneling  
  28  3:12  Overlord  
  29  3:27  Zergling x2  
  29  3:30  Hatchery  
  29  3:34  Zergling x4  
  29  3:39  Zergling x2  
  31  3:49  Zergling x2  
  31  3:54  Zergling x2  
  31  3:55  Zergling x2  
  33  4:01  Zergling x4  
  35  4:09  Overlord  
  35  4:20  Drone  
  36  4:31  Drone x2  
  36  4:32  Drone  
  36  4:33  Drone  
  36  4:36  Baneling x2  
  37  4:42  Zergling x2  
  37  4:45  Zergling x2  
  37  4:54  Zergling x4  
  37  5:11  Zergling x4  
  39  5:16  Zergling x2  
  39  5:17  Zergling x2  
  39  5:19  Zergling x2  
  39  5:20  Zergling x2  
  42  5:25  Zergling x2  
  42  5:27  Zergling x2  
  42  5:29  Zergling x2  
  42  5:31  Zergling x2  
  42  5:32  Zergling x2  
  42  5:33  Baneling x6  
  42  5:34  Zergling x2  
  46  5:36  Zergling x4  
  46  5:39  Zergling x4  
  49  5:44  Baneling x5  
  49  5:50  Overlord  
  49  5:55  Zergling x2  
  49  5:56  Baneling  
  49  5:57  Baneling x3  
  50  6:00  Zergling x2  
  51  6:07  Zergling x2  
  51  6:08  Zergling x4  
  51  6:10  Zergling x2  
Tags
 
Add a new tag
Caveats
  • Supply blocks, unpowered buildings, or Contaminate may cause inaccurate times.
  • Supply counts are checked every 10 seconds.